Penguins vs Sabres
(R1)
Created - May 14, 2018 at 19:31
Goals
|
| Penguins |
0 |
1 |
2 |
3 |
| Sabres |
2 |
1 |
1 |
4 |
|
Shots
|
| Penguins |
7 |
12 |
8 |
27 |
| Sabres |
10 |
6 |
7 |
23 |
|
1st period
1. Sabres , Evander Kane 2 (Vincent Lecavalier 3, Jonas Hiller) at 12:40 (PP)
2. Sabres , Darcy Hordichuk 1 (Zack Kassian 1, Zach Bogosian 5) at 13:10
Penalties :
Ilya Kovalchuk (Buf) for Tripping (Minor) at 5:51, Dion Phaneuf (Pit) for Diving (Minor) at 11:49, Ryan O'Reilly (Buf) for Hooking (Minor) at 13:15, Evander Kane (Buf) for Roughing (Double Minor) at 16:51
2nd period
3. Sabres , Michael Kostka 1 (Andrei Loktionov 2) at 8:18 (PP)
4. Penguins , Dominic Moore 2 (Radim Vrbata 4, Bobby Ryan 5) at 9:44
Penalties :
Darcy Hordichuk (Buf) for Hooking (Minor) at 3:20, D.J King (Pit) for Slashing (Minor) at 8:08, Dion Phaneuf (Pit) for Interference (Minor) at 11:25, Max Pacioretty (Pit) for Tripping (Minor) at 14:13
3rd period
5. Sabres , Ilya Kovalchuk 2 (Zach Bogosian 6, Andrei Loktionov 3) at 8:58 (PP)
6. Penguins , Riley Armstrong 1 (Ryan Callahan 1, D.J King 1) at 12:20
7. Penguins , Bobby Ryan 3 (Steven Stamkos 4, Dion Phaneuf 4) at 12:30
Penalties :
Riley Armstrong (Pit) for High sticking (Minor) at 8:32, Rob Scuderi (Buf) for Tripping (Minor) at 12:53, Darcy Hordichuk (Buf) for Hooking (Minor) at 16:15
Goalie Stats
Brian Elliott (Pit), 19 saves from 23 shots - (0.826), L, 5-3-0, 59:05 minutes
Jonas Hiller (Buf), 24 saves from 27 shots - (0.889), W, 1-0-0, 60:00 minutes
Players Stats for Penguins
Player Name G A P +/- PIM S H SB GA TA FO MP PP MP PK MP
------------------------------------------------------------------------------------
Andrew Cogliano 0 0 0 0 0 1 1 0 0 0 2/3 23:40 8:03 2:00
Bobby Ryan 1 1 2 0 0 4 0 0 0 0 0/0 24:02 8:03 3:05
D.J King 0 1 1 1 2 0 1 0 0 0 0/0 7:08 0:15 0:16
Derek Joslin 0 0 0 1 0 0 0 0 0 0 0/0 11:25 0:00 1:19
Dion Phaneuf 0 1 1 1 4 3 0 0 0 1 0/0 27:41 8:14 1:02
Dominic Moore 1 0 1 1 0 2 1 2 1 0 3/6 11:13 0:15 0:00
Duncan Keith 0 0 0 0 0 1 2 1 2 0 0/0 21:09 5:40 3:21
Eric Gryba 0 0 0 0 0 2 1 1 0 0 0/0 19:24 5:40 1:36
Max Pacioretty 0 0 0 0 2 1 4 0 0 0 0/0 15:44 5:36 0:41
Paul Ranger 0 0 0 1 0 0 1 1 1 0 0/0 11:05 0:00 0:29
Radim Vrbata 0 1 1 1 0 2 0 0 1 0 0/0 12:36 0:15 1:16
Riley Armstrong 1 0 1 1 2 1 1 0 0 0 1/1 6:30 0:00 0:00
Ryan Callahan 0 1 1 1 0 0 2 0 0 0 0/1 6:31 0:00 0:00
Sam Gagner 0 0 0 0 0 2 2 0 1 0 8/15 15:25 5:36 0:21
Sean Zimmerman 0 0 0 1 0 2 3 4 1 0 0/0 29:14 8:14 3:03
Sergei Samsonov 0 0 0 1 0 2 3 2 0 0 1/1 10:58 0:00 0:00
Steve Downie 0 0 0 0 0 0 2 0 0 0 0/0 15:47 5:36 0:00
Steven Stamkos 0 1 1 0 0 4 1 0 3 1 21/39 24:58 8:03 3:11
Players Stats for Sabres
Player Name G A P +/- PIM S H SB GA TA FO MP PP MP PK MP
------------------------------------------------------------------------------------
Andrei Loktionov 0 2 2 0 0 3 0 0 0 1 8/15 13:15 2:55 0:00
Brad Richardson 0 0 0 -1 0 0 0 0 0 0 0/0 7:07 0:00 0:00
Brandon Sutter 0 0 0 -1 0 1 0 0 0 0 2/5 12:58 0:14 5:16
Darcy Hordichuk 1 0 1 0 4 2 0 1 0 0 0/1 11:37 0:10 1:06
Evander Kane 1 0 1 0 4 4 0 0 1 0 0/2 15:43 2:20 4:04
Ilya Kovalchuk 1 0 1 -1 2 4 1 0 1 1 5/8 23:25 2:55 6:14
Jakub Kindl 0 0 0 0 0 0 1 0 0 1 0/0 8:53 0:00 1:14
Jared Cowen 0 0 0 0 0 1 0 2 0 1 0/0 23:45 1:57 5:48
Jordan Leopold 0 0 0 0 0 0 0 0 0 0 0/0 7:39 0:00 0:00
Kyle Okposo 0 0 0 0 0 0 0 0 0 0 1/1 11:22 2:20 0:00
Matt Martin 0 0 0 -1 0 0 2 0 0 0 0/2 10:23 0:00 3:16
Michael Kostka 1 0 1 0 0 1 1 1 0 2 0/0 23:01 1:57 5:48
Rob Scuderi 0 0 0 -2 2 0 1 3 0 1 0/0 27:24 3:28 6:52
Ryan O'Reilly 0 0 0 -1 2 0 0 0 0 0 5/17 13:13 0:00 0:31
Scottie Upshall 0 0 0 -1 0 1 1 0 0 0 1/3 13:39 0:00 0:00
Vincent Lecavalier 0 1 1 0 0 2 1 1 0 0 8/12 20:11 2:20 7:21
Zach Bogosian 0 2 2 -2 0 1 1 2 0 1 0/0 29:20 3:28 8:06
Zack Kassian 0 1 1 0 0 3 1 1 0 2 0/0 13:05 3:01 0:00
3 Stars
1 - Bobby Ryan (Pit)
2 - Dominic Moore (Pit)
3 - Michael Kostka (Buf)
Power Play
Penguins - 0 on 7 Attempt(s) - 0.00%
Sabres - 3 on 5 Attempt(s) - 60.00%
Penalty Kill
Penguins - 2 on 5 Attempt(s) - 40.00%
- Score 0 goal in Penalty Kill
Sabres - 7 on 7 Attempt(s) - 100.00%
- Score 0 goal in Penalty Kill
Team Stat
Penguins - Hits : 25 - Faceoff Wins : 36 - Blocked Shots : 11 - Penalty Minutes : 10
Sabres - Hits : 10 - Faceoff Wins : 30 - Blocked Shots : 11 - Penalty Minutes : 14
Official
Referees : L'Ecuyer Frederick and O'Halloran Dan
Linesman : David Brisebois and Dan Schachte
Game Notes
No Game Note
Finance
Level 1 -- Attendance: 6000 (100.00%) -- Ticket Income $540,000
Level 2 -- Attendance: 5000 (100.00%) -- Ticket Income $285,000
Level 3 -- Attendance: 2000 (100.00%) -- Ticket Income $74,000
Level 4 -- Attendance: 4000 (100.00%) -- Ticket Income $108,000
Luxury Box -- Attendance: 1000 (100.00%) -- Ticket Income $163,000
Game was played at the Duff Garden.
Total Attendance: 18000 (100.00%)
Total Ticket Income: $1,170,000
Other Income: $175,500
Total Income: $1,345,500
Penguins
5 vs 5 Forward
Center Left Wing Right Wing Time % Phy DF OF
1 Steven Stamkos Andrew Cogliano Bobby Ryan 40 1 2 2
2 Sam Gagner Max Pacioretty Steve Downie 30 1 2 2
3 Dominic Moore Sergei Samsonov Radim Vrbata 20 1 2 2
4 Riley Armstrong D.J King Ryan Callahan 10 1 2 2
5 vs 5 Defense
Defense Defense Time % Phy DF OF
1 Dion Phaneuf Sean Zimmerman 44 1 2 2
2 Duncan Keith Eric Gryba 33 1 2 2
3 Paul Ranger Derek Joslin 23 1 2 2
4 Duncan Keith Sean Zimmerman 0 1 2 2
PowerPlay Forward
Center Left Wing Right Wing Time % Phy DF OF
1 Steven Stamkos Andrew Cogliano Bobby Ryan 60 1 2 2
2 Sam Gagner Max Pacioretty Steve Downie 40 1 2 2
PowerPlay Defense
Defense Defense Time % Phy DF OF
1 Dion Phaneuf Sean Zimmerman 60 1 2 2
2 Duncan Keith Eric Gryba 40 1 2 2
Penalty Kill 4 Players Forward
Center Wing Time % Phy DF OF
1 Steven Stamkos Bobby Ryan 60 1 2 2
2 Andrew Cogliano Radim Vrbata 40 1 2 2
Penalty Kill 4 Players Defense
Defense Defense Time % Phy DF OF
1 Dion Phaneuf Sean Zimmerman 60 1 2 2
2 Duncan Keith Eric Gryba 40 1 2 2
Penalty Kill - 3 Players Forward
Forward Time % Phy DF OF
1 Steven Stamkos 60 1 2 2
2 Bobby Ryan 40 1 2 2
Penalty Kill - 3 Players Defense
Defense Defense Time % Phy DF OF
1 Dion Phaneuf Sean Zimmerman 60 1 2 2
2 Duncan Keith Eric Gryba 40 1 2 2
4 vs 4 Forward
Center Wing Time % Phy DF OF
1 Steven Stamkos Bobby Ryan 60 1 2 2
2 Andrew Cogliano Radim Vrbata 40 1 2 2
4 vs 4 Defense
Defense Defense Time % Phy DF OF
1 Dion Phaneuf Sean Zimmerman 60 1 2 2
2 Duncan Keith Eric Gryba 40 1 2 2
Last Minutes Offensive
Center Left Wing Right Wing Defense Defense
Steven Stamkos Andrew Cogliano Bobby Ryan Dion Phaneuf Sean Zimmerman
Last Minutes Defensive
Center Left Wing Right Wing Defense Defense
Steven Stamkos Andrew Cogliano Bobby Ryan Dion Phaneuf Sean Zimmerman
Goaltenders
Starting : Brian Elliott
Backup : Josh Tordjman
Extra Forwards
Normal : Steve Downie, Sam Gagner, Max Pacioretty - PP : Steve Downie, Sam Gagner - PK : Max Pacioretty
Extra Defensemen
Normal : Paul Ranger, Eric Gryba, Duncan Keith - PP : Dion Phaneuf - PK : Sean Zimmerman, Duncan Keith
Penalty Shots
Steven Stamkos, Bobby Ryan, Andrew Cogliano, Radim Vrbata, Steve Downie
Scratches
Keith Aulie (Strained Right Knee Injury)
Sabres
5 vs 5 Forward
Center Left Wing Right Wing Time % Phy DF OF
1 Ryan O'Reilly Ilya Kovalchuk Scottie Upshall 39 0 0 5
2 Vincent Lecavalier Evander Kane Kyle Okposo 28 0 0 5
3 Andrei Loktionov Darcy Hordichuk Zack Kassian 22 0 1 4
4 Brandon Sutter Matt Martin Brad Richardson 11 0 2 3
5 vs 5 Defense
Defense Defense Time % Phy DF OF
1 Rob Scuderi Zach Bogosian 43 0 4 1
2 Jared Cowen Michael Kostka 39 0 5 0
3 Jakub Kindl Jordan Leopold 18 0 5 0
4 Zach Bogosian Jordan Leopold 0 1 2 2
PowerPlay Forward
Center Left Wing Right Wing Time % Phy DF OF
1 Andrei Loktionov Ilya Kovalchuk Zack Kassian 55 0 0 5
2 Vincent Lecavalier Evander Kane Kyle Okposo 45 0 0 5
PowerPlay Defense
Defense Defense Time % Phy DF OF
1 Zach Bogosian Rob Scuderi 55 0 1 4
2 Michael Kostka Jared Cowen 45 0 2 3
Penalty Kill 4 Players Forward
Center Wing Time % Phy DF OF
1 Ilya Kovalchuk Vincent Lecavalier 60 0 5 0
2 Brandon Sutter Evander Kane 40 0 5 0
Penalty Kill 4 Players Defense
Defense Defense Time % Phy DF OF
1 Zach Bogosian Rob Scuderi 60 0 5 0
2 Michael Kostka Jared Cowen 40 0 5 0
Penalty Kill - 3 Players Forward
Forward Time % Phy DF OF
1 Brandon Sutter 60 0 5 0
2 Ilya Kovalchuk 40 0 5 0
Penalty Kill - 3 Players Defense
Defense Defense Time % Phy DF OF
1 Zach Bogosian Rob Scuderi 60 0 5 0
2 Michael Kostka Jared Cowen 40 0 5 0
4 vs 4 Forward
Center Wing Time % Phy DF OF
1 Ilya Kovalchuk Vincent Lecavalier 60 0 1 4
2 Darcy Hordichuk Evander Kane 40 0 2 3
4 vs 4 Defense
Defense Defense Time % Phy DF OF
1 Zach Bogosian Rob Scuderi 60 0 4 1
2 Jakub Kindl Jared Cowen 40 0 5 0
Last Minutes Offensive
Center Left Wing Right Wing Defense Defense
Vincent Lecavalier Ilya Kovalchuk Scottie Upshall Zach Bogosian Jared Cowen
Last Minutes Defensive
Center Left Wing Right Wing Defense Defense
Vincent Lecavalier Ilya Kovalchuk Scottie Upshall Zach Bogosian Jared Cowen
Goaltenders
Starting : Jonas Hiller
Backup : Robin Lehner
Extra Forwards
Normal : Brandon Sutter, Zack Kassian, Matt Martin - PP : Brandon Sutter, Zack Kassian - PK : Matt Martin
Extra Defensemen
Normal : Jordan Leopold, Jakub Kindl, Rob Scuderi - PP : Jordan Leopold - PK : Jakub Kindl, Rob Scuderi
Penalty Shots
Ilya Kovalchuk, Vincent Lecavalier, Darcy Hordichuk, Evander Kane, Scottie Upshall
Scratches
Wade Redden (Healthy)
% Time on Ice - Penguins
Lines # - Real PCT - Wanted PCT - Time Play
Normal Forward
1 - 34% - 40% - 13:29
2 - 22% - 30% - 8:42
3 - 28% - 20% - 10:58
4 - 16% - 10% - 6:31
Normal Defense
1 - 44% - 44% - 17:26
2 - 31% - 33% - 12:08
3 - 25% - 23% - 10:06
4 - 0% - 0% - 0:00
PP Forward
1 - 60% - 60% - 8:18
2 - 40% - 40% - 5:36
PP Defense
1 - 59% - 60% - 8:14
2 - 41% - 40% - 5:40
PK Forward
1 - 77% - 60% - 4:09
2 - 23% - 40% - 1:16
PK Defense
1 - 70% - 60% - 3:49
2 - 30% - 40% - 1:36
PK3 Forward
1 - 0% - 60%
2 - 0% - 40%
PK3 Defense
1 - 0% - 60%
2 - 0% - 40%
44 Forward
1 - 0% - 60%
2 - 0% - 40%
44 Defense
1 - 0% - 60%
2 - 0% - 40%
Last Minute Offensive - 1:01
Last Minute Defensive - 0:00
Total
Forward - 60:00
Defense - 60:00
|
% Time on Ice - Sabres
Lines # - Real PCT - Wanted PCT - Time Play
Normal Forward
1 - 34% - 39% - 13:25
2 - 23% - 28% - 9:05
3 - 25% - 22% - 10:04
4 - 18% - 11% - 7:07
Normal Defense
1 - 43% - 43% - 17:02
2 - 38% - 39% - 15:16
3 - 19% - 18% - 7:23
4 - 0% - 0% - 0:00
PP Forward
1 - 57% - 55% - 3:05
2 - 43% - 45% - 2:20
PP Defense
1 - 64% - 55% - 3:28
2 - 36% - 45% - 1:57
PK Forward
1 - 68% - 60% - 9:28
2 - 32% - 40% - 4:26
PK Defense
1 - 58% - 60% - 8:06
2 - 42% - 40% - 5:48
PK3 Forward
1 - 0% - 60%
2 - 0% - 40%
PK3 Defense
1 - 0% - 60%
2 - 0% - 40%
44 Forward
1 - 0% - 60%
2 - 0% - 40%
44 Defense
1 - 0% - 60%
2 - 0% - 40%
Last Minute Offensive - 0:00
Last Minute Defensive - 1:00
Total
Forward - 60:00
Defense - 60:00
|
Play by Play
1st period
0:01 of 1st period - Steven Stamkos wins face-off versus Ryan O'Reilly in neutral zone.
0:04 of 1st period - Slapshot by Dion Phaneuf.
0:04 of 1st period - Stopped by Jonas Hiller with a rebound.
0:06 of 1st period - Snap shot by Bobby Ryan.
0:06 of 1st period - Shot Misses the Net.
0:08 of 1st period - Snap shot by Bobby Ryan.
0:08 of 1st period - Shot Blocked by Rob Scuderi.
0:10 of 1st period - Slapshot by Bobby Ryan.
0:10 of 1st period - Shot Blocked by Rob Scuderi.
0:12 of 1st period - Wrist shot by Bobby Ryan.
0:12 of 1st period - Shot Misses the Net.
0:14 of 1st period - Slapshot by Sean Zimmerman.
0:14 of 1st period - Deflect By Steven Stamkos.
0:14 of 1st period - Shot Misses the Net.
0:14 of 1st period - Puck is out of play.
0:15 of 1st period - Vincent Lecavalier wins face-off versus Sam Gagner in Sabres zone.
0:40 of 1st period - Michael Kostka is hit by Sergei Samsonov and loses puck.
1:29 of 1st period - Zach Bogosian is hit by Paul Ranger and loses puck.
1:54 of 1st period - Wrist shot by Zack Kassian.
1:54 of 1st period - Stopped by Brian Elliott without a rebound.
1:55 of 1st period - Andrei Loktionov wins face-off versus Steven Stamkos in Penguins zone.
1:58 of 1st period - Snap shot by Andrei Loktionov.
1:58 of 1st period - Stopped by Brian Elliott with a rebound.
2:04 of 1st period - Slapshot by Dion Phaneuf.
2:04 of 1st period - Deflect By Bobby Ryan.
2:04 of 1st period - Stopped by Jonas Hiller without a rebound.
2:05 of 1st period - Ryan O'Reilly wins face-off versus Steven Stamkos in Sabres zone.
2:40 of 1st period - Snap shot by Steven Stamkos.
2:40 of 1st period - Shot Misses the Net.
2:42 of 1st period - Wrist shot by Andrew Cogliano.
2:42 of 1st period - Shot Misses the Net.
2:44 of 1st period - Slapshot by Sean Zimmerman.
2:44 of 1st period - Shot Misses the Net.
3:26 of 1st period - Wrist shot by Bobby Ryan.
3:26 of 1st period - Stopped by Jonas Hiller without a rebound.
3:27 of 1st period - Vincent Lecavalier wins face-off versus Sam Gagner in Sabres zone.
3:57 of 1st period - Zach Bogosian is hit by Dominic Moore.
4:02 of 1st period - Off-side.
4:03 of 1st period - Sam Gagner wins face-off versus Vincent Lecavalier in neutral zone.
4:05 of 1st period - Off-side.
4:06 of 1st period - Vincent Lecavalier wins face-off versus Sam Gagner in neutral zone.
4:09 of 1st period - Snap shot by Evander Kane.
4:09 of 1st period - Stopped by Brian Elliott with a rebound.
4:12 of 1st period - Icing by Paul Ranger.
4:13 of 1st period - Sam Gagner wins face-off versus Vincent Lecavalier in Penguins zone.
4:30 of 1st period - Michael Kostka is hit by Max Pacioretty and loses puck.
4:49 of 1st period - Snap shot by Evander Kane.
4:49 of 1st period - Shot Misses the Net.
4:52 of 1st period - Icing by Max Pacioretty.
4:53 of 1st period - Sam Gagner wins face-off versus Andrei Loktionov in Penguins zone.
4:58 of 1st period - Rob Scuderi is hit by Steve Downie.
5:05 of 1st period - Off-side.
5:06 of 1st period - Dominic Moore wins face-off versus Andrei Loktionov in neutral zone.
5:13 of 1st period - Zach Bogosian is hit by Sergei Samsonov and loses puck.
5:51 of 1st period - Minor Penalty to Ilya Kovalchuk for Tripping.
5:52 of 1st period - Steven Stamkos wins face-off versus Matt Martin in Sabres zone.
5:53 of 1st period - Slapshot by Bobby Ryan.
5:53 of 1st period - Stopped by Jonas Hiller with a rebound.
5:55 of 1st period - Snap shot by Bobby Ryan.
5:55 of 1st period - Deflect By Andrew Cogliano.
5:55 of 1st period - Shot Blocked by Zach Bogosian.
5:55 of 1st period - Puck is out of play.
5:56 of 1st period - Steven Stamkos wins face-off versus Matt Martin in Sabres zone.
7:01 of 1st period - Michael Kostka is hit by Sam Gagner and loses puck.
7:51 of 1st period - Penalty to Ilya Kovalchuk is over, Ilya Kovalchuk is back on ice.
8:08 of 1st period - Jakub Kindl is hit by Sergei Samsonov and loses puck.
8:44 of 1st period - Zach Bogosian is hit by D.J King and loses puck.
8:55 of 1st period - Slapshot by Dion Phaneuf.
8:55 of 1st period - Stopped by Jonas Hiller with a rebound.
9:16 of 1st period - Matt Martin is hit by Ryan Callahan and loses puck.
9:28 of 1st period - Brandon Sutter is hit by Riley Armstrong and loses puck.
9:49 of 1st period - Snap shot by Brad Richardson.
9:49 of 1st period - Deflect By Matt Martin.
9:49 of 1st period - Shot Misses the Net.
9:49 of 1st period - Puck is out of play.
9:50 of 1st period - Vincent Lecavalier wins face-off versus Steven Stamkos in Penguins zone.
9:59 of 1st period - Wrist shot by Evander Kane.
9:59 of 1st period - Deflect By Vincent Lecavalier.
9:59 of 1st period - Shot Misses the Net.
9:59 of 1st period - Puck is out of play.
10:00 of 1st period - Steven Stamkos wins face-off versus Vincent Lecavalier in Penguins zone.
11:06 of 1st period - Slapshot by Evander Kane.
11:06 of 1st period - Deflect By Steven Stamkos.
11:06 of 1st period - Stopped by Brian Elliott without a rebound.
11:07 of 1st period - Sam Gagner wins face-off versus Ryan O'Reilly in Penguins zone.
11:12 of 1st period - Wrist shot by Ilya Kovalchuk.
11:12 of 1st period - Shot Misses the Net.
11:39 of 1st period - Snap shot by Zack Kassian.
11:39 of 1st period - Shot Misses the Net.
11:41 of 1st period - Slapshot by Jared Cowen.
11:41 of 1st period - Shot Blocked by Dominic Moore.
11:43 of 1st period - Snap shot by Darcy Hordichuk.
11:43 of 1st period - Stopped by Brian Elliott with a rebound.
11:49 of 1st period - Minor Penalty to Dion Phaneuf for Diving.
11:50 of 1st period - Andrei Loktionov wins face-off versus Steven Stamkos in Penguins zone.
11:51 of 1st period - Slapshot by Ilya Kovalchuk.
11:51 of 1st period - Stopped by Brian Elliott with a rebound.
12:40 of 1st period - Snap shot by Evander Kane.
12:40 of 1st period - Goal by Evander Kane - Penguins : 0 - Sabres : 1.
12:41 of 1st period - Sam Gagner wins face-off versus Ryan O'Reilly in neutral zone.
12:56 of 1st period - Slapshot by Steve Downie.
12:56 of 1st period - Deflect By Max Pacioretty.
12:56 of 1st period - Stopped by Jonas Hiller without a rebound.
12:57 of 1st period - Andrei Loktionov wins face-off versus Andrew Cogliano in Sabres zone.
13:10 of 1st period - Wrist shot by Darcy Hordichuk.
13:10 of 1st period - Goal by Darcy Hordichuk - Penguins : 0 - Sabres : 2.
13:11 of 1st period - Steven Stamkos wins face-off versus Ryan O'Reilly in neutral zone.
13:15 of 1st period - Minor Penalty to Ryan O'Reilly for Hooking.
13:16 of 1st period - Ilya Kovalchuk wins face-off versus Steven Stamkos in Sabres zone.
13:26 of 1st period - Snap shot by Steven Stamkos.
13:26 of 1st period - Shot Misses the Net.
13:46 of 1st period - Wrist shot by Evander Kane.
13:46 of 1st period - Stopped by Brian Elliott without a rebound.
13:47 of 1st period - Steven Stamkos wins face-off versus Brandon Sutter in Penguins zone.
14:12 of 1st period - Jared Cowen is hit by Steve Downie and loses puck.
14:59 of 1st period - Andrew Cogliano is hit by Michael Kostka and loses puck.
15:15 of 1st period - Penalty to Ryan O'Reilly is over, Ryan O'Reilly is back on ice.
15:30 of 1st period - Snap shot by Darcy Hordichuk.
15:30 of 1st period - Shot Misses the Net.
15:32 of 1st period - Slapshot by Rob Scuderi.
15:32 of 1st period - Deflect By Zack Kassian.
15:32 of 1st period - Shot Misses the Net.
15:32 of 1st period - Puck is out of play.
15:33 of 1st period - Andrei Loktionov wins face-off versus Dominic Moore in Penguins zone.
15:36 of 1st period - Wrist shot by Andrei Loktionov.
15:36 of 1st period - Stopped by Brian Elliott with a rebound.
15:38 of 1st period - Snap shot by Darcy Hordichuk.
15:38 of 1st period - Shot Misses the Net.
15:40 of 1st period - Slapshot by Michael Kostka.
15:40 of 1st period - Shot Blocked by Sean Zimmerman.
15:42 of 1st period - Slapshot by Andrei Loktionov.
15:42 of 1st period - Shot Blocked by Dominic Moore.
15:44 of 1st period - Slapshot by Jared Cowen.
15:44 of 1st period - Shot Blocked by Sean Zimmerman.
16:05 of 1st period - Wrist shot by Brad Richardson.
16:05 of 1st period - Shot Hit the Post.
16:07 of 1st period - Backhand shot by Jared Cowen.
16:07 of 1st period - Shot Blocked by Paul Ranger.
16:09 of 1st period - Snap shot by Brandon Sutter.
16:09 of 1st period - Shot Misses the Net.
16:11 of 1st period - Slapshot by Jared Cowen.
16:11 of 1st period - Deflect By Brandon Sutter.
16:11 of 1st period - Shot Blocked by Sergei Samsonov.
16:11 of 1st period - Puck is out of play.
16:12 of 1st period - Steven Stamkos wins face-off versus Scottie Upshall in Penguins zone.
16:51 of 1st period - Double Minor Penalty to Evander Kane for Roughing.
16:52 of 1st period - Ilya Kovalchuk wins face-off versus Steven Stamkos in Sabres zone.
17:02 of 1st period - Snap shot by Steven Stamkos.
17:02 of 1st period - Stopped by Jonas Hiller without a rebound.
17:03 of 1st period - Steven Stamkos wins face-off versus Ilya Kovalchuk in Sabres zone.
17:14 of 1st period - Wrist shot by Steven Stamkos.
17:14 of 1st period - Shot Misses the Net.
17:30 of 1st period - Zach Bogosian is hit by Max Pacioretty and loses puck.
17:37 of 1st period - Snap shot by Sam Gagner.
17:37 of 1st period - Deflect By Max Pacioretty.
17:37 of 1st period - Shot Misses the Net.
17:37 of 1st period - Puck is out of play.
17:38 of 1st period - Brandon Sutter wins face-off versus Steven Stamkos in Sabres zone.
Goals for this period are 0 for Penguins vs 2 for Sabres.
Shots for this period are 7 for Penguins vs 10 for Sabres.
2nd period
0:01 of 2nd period - Steven Stamkos wins face-off versus Vincent Lecavalier in neutral zone.
0:10 of 2nd period - Snap shot by Steven Stamkos.
0:10 of 2nd period - Stopped by Jonas Hiller without a rebound.
0:11 of 2nd period - Ilya Kovalchuk wins face-off versus Steven Stamkos in Sabres zone.
0:28 of 2nd period - Slapshot by Andrew Cogliano.
0:28 of 2nd period - Shot Misses the Net.
0:51 of 2nd period - Penalty to Evander Kane is over, Evander Kane is back on ice.
1:05 of 2nd period - Snap shot by Zack Kassian.
1:05 of 2nd period - Deflect By Andrei Loktionov.
1:05 of 2nd period - Shot Misses the Net.
1:05 of 2nd period - Puck is out of play.
1:06 of 2nd period - Sergei Samsonov wins face-off versus Darcy Hordichuk in Penguins zone.
1:35 of 2nd period - Snap shot by Sergei Samsonov.
1:35 of 2nd period - Shot Misses the Net.
1:39 of 2nd period - Slapshot by Sergei Samsonov.
1:39 of 2nd period - Shot Hit the Post.
1:41 of 2nd period - Slapshot by Eric Gryba.
1:41 of 2nd period - Shot Misses the Net.
1:43 of 2nd period - Snap shot by Radim Vrbata.
1:43 of 2nd period - Stopped by Jonas Hiller with a rebound.
1:45 of 2nd period - Backhand shot by Sergei Samsonov.
1:45 of 2nd period - Stopped by Jonas Hiller with a rebound.
2:03 of 2nd period - Slapshot by Zach Bogosian.
2:03 of 2nd period - Shot Blocked by Sergei Samsonov.
2:36 of 2nd period - Sergei Samsonov is hit by Ilya Kovalchuk and loses puck.
2:43 of 2nd period - Backhand shot by Eric Gryba.
2:43 of 2nd period - Stopped by Jonas Hiller with a rebound.
2:45 of 2nd period - Slapshot by Duncan Keith.
2:45 of 2nd period - Shot Blocked by Rob Scuderi.
2:47 of 2nd period - Slapshot by Eric Gryba.
2:47 of 2nd period - Stopped by Jonas Hiller with a rebound.
2:49 of 2nd period - Slapshot by Radim Vrbata.
2:49 of 2nd period - Stopped by Jonas Hiller without a rebound.
2:50 of 2nd period - Vincent Lecavalier wins face-off versus Steven Stamkos in Sabres zone.
3:03 of 2nd period - Snap shot by Evander Kane.
3:03 of 2nd period - Shot Misses the Net.
3:05 of 2nd period - Slapshot by Michael Kostka.
3:05 of 2nd period - Deflect By Kyle Okposo.
3:05 of 2nd period - Shot Blocked by Sean Zimmerman.
3:05 of 2nd period - Puck is out of play.
3:06 of 2nd period - Andrei Loktionov wins face-off versus Sam Gagner in Penguins zone.
3:20 of 2nd period - Minor Penalty to Darcy Hordichuk for Hooking.
3:21 of 2nd period - Steven Stamkos wins face-off versus Ilya Kovalchuk in Sabres zone.
5:20 of 2nd period - Penalty to Darcy Hordichuk is over, Darcy Hordichuk is back on ice.
5:24 of 2nd period - Snap shot by Vincent Lecavalier.
5:24 of 2nd period - Stopped by Brian Elliott without a rebound.
5:25 of 2nd period - Dominic Moore wins face-off versus Andrei Loktionov in Penguins zone.
5:52 of 2nd period - Wrist shot by Scottie Upshall.
5:52 of 2nd period - Stopped by Brian Elliott with a rebound.
6:30 of 2nd period - Wrist shot by Sean Zimmerman.
6:30 of 2nd period - Stopped by Jonas Hiller with a rebound.
7:05 of 2nd period - Rob Scuderi is hit by Max Pacioretty and loses puck.
7:26 of 2nd period - Wrist shot by Sergei Samsonov.
7:26 of 2nd period - Stopped by Jonas Hiller with a rebound.
8:08 of 2nd period - Minor Penalty to D.J King for Slashing.
8:09 of 2nd period - Steven Stamkos wins face-off versus Andrei Loktionov in Penguins zone.
8:18 of 2nd period - Snap shot by Michael Kostka.
8:18 of 2nd period - Goal by Michael Kostka - Penguins : 0 - Sabres : 3.
8:19 of 2nd period - Steven Stamkos wins face-off versus Ryan O'Reilly in neutral zone.
8:43 of 2nd period - Icing by Ilya Kovalchuk.
8:44 of 2nd period - Sam Gagner wins face-off versus Evander Kane in Sabres zone.
9:11 of 2nd period - Rob Scuderi is hit by Eric Gryba and loses puck.
9:44 of 2nd period - Slapshot by Dominic Moore.
9:44 of 2nd period - Goal by Dominic Moore - Penguins : 1 - Sabres : 3.
9:45 of 2nd period - Ryan O'Reilly wins face-off versus Steven Stamkos in neutral zone.
10:16 of 2nd period - Snap shot by Vincent Lecavalier.
10:16 of 2nd period - Shot Misses the Net.
10:24 of 2nd period - Backhand shot by Evander Kane.
10:24 of 2nd period - Shot Misses the Net.
11:04 of 2nd period - Icing by Ryan Callahan.
11:05 of 2nd period - Brandon Sutter wins face-off versus Ryan Callahan in Penguins zone.
11:06 of 2nd period - Slapshot by Zach Bogosian.
11:06 of 2nd period - Deflect By Brandon Sutter.
11:06 of 2nd period - Stopped by Brian Elliott without a rebound.
11:07 of 2nd period - Steven Stamkos wins face-off versus Brandon Sutter in Penguins zone.
11:25 of 2nd period - Minor Penalty to Dion Phaneuf for Interference.
11:26 of 2nd period - Andrei Loktionov wins face-off versus Steven Stamkos in Penguins zone.
11:32 of 2nd period - Wrist shot by Zack Kassian.
11:32 of 2nd period - Stopped by Brian Elliott with a rebound.
11:42 of 2nd period - Snap shot by Zack Kassian.
11:42 of 2nd period - Shot Blocked by Duncan Keith.
12:58 of 2nd period - Evander Kane is hit by Sean Zimmerman and loses puck.
13:25 of 2nd period - Penalty to Dion Phaneuf is over, Dion Phaneuf is back on ice.
13:51 of 2nd period - Slapshot by Duncan Keith.
13:51 of 2nd period - Stopped by Jonas Hiller with a rebound.
14:13 of 2nd period - Minor Penalty to Max Pacioretty for Tripping.
14:14 of 2nd period - Steven Stamkos wins face-off versus Evander Kane in Penguins zone.
16:13 of 2nd period - Penalty to Max Pacioretty is over, Max Pacioretty is back on ice.
16:19 of 2nd period - Brad Richardson is hit by Sean Zimmerman and loses puck.
16:26 of 2nd period - Wrist shot by Max Pacioretty.
16:26 of 2nd period - Shot Misses the Net.
16:28 of 2nd period - Wrist shot by Sam Gagner.
16:28 of 2nd period - Stopped by Jonas Hiller with a rebound.
16:30 of 2nd period - Snap shot by Sam Gagner.
16:30 of 2nd period - Stopped by Jonas Hiller with a rebound.
16:38 of 2nd period - Wrist shot by Max Pacioretty.
16:38 of 2nd period - Shot Misses the Net.
16:54 of 2nd period - Wrist shot by Sam Gagner.
16:54 of 2nd period - Shot Blocked by Jared Cowen.
16:56 of 2nd period - Slapshot by Sean Zimmerman.
16:56 of 2nd period - Shot Blocked by Jared Cowen.
16:58 of 2nd period - Slapshot by Sean Zimmerman.
16:58 of 2nd period - Deflect By Bobby Ryan.
16:58 of 2nd period - Shot Misses the Net.
16:58 of 2nd period - Puck is out of play.
16:59 of 2nd period - Ryan O'Reilly wins face-off versus Dominic Moore in Sabres zone.
17:06 of 2nd period - Slapshot by Sergei Samsonov.
17:06 of 2nd period - Shot Misses the Net.
17:26 of 2nd period - Zach Bogosian is hit by Ryan Callahan and loses puck.
17:53 of 2nd period - Wrist shot by Steven Stamkos.
17:53 of 2nd period - Deflect By Darcy Hordichuk.
17:53 of 2nd period - Shot Blocked by Darcy Hordichuk.
17:53 of 2nd period - Puck is out of play.
17:54 of 2nd period - Andrew Cogliano wins face-off versus Andrei Loktionov in Sabres zone.
18:07 of 2nd period - Paul Ranger is hit by Jakub Kindl and loses puck.
19:07 of 2nd period - Snap shot by Andrei Loktionov.
19:07 of 2nd period - Shot Misses the Net.
19:09 of 2nd period - Wrist shot by Zach Bogosian.
19:09 of 2nd period - Shot Blocked by Eric Gryba.
19:15 of 2nd period - Slapshot by Zach Bogosian.
19:15 of 2nd period - Stopped by Brian Elliott without a rebound.
19:16 of 2nd period - Dominic Moore wins face-off versus Scottie Upshall in Penguins zone.
19:43 of 2nd period - Jared Cowen is hit by Sean Zimmerman and loses puck.
Goals for this period are 1 for Penguins vs 1 for Sabres.
Shots for this period are 12 for Penguins vs 6 for Sabres.
3rd period
0:01 of 3rd period - Ryan O'Reilly wins face-off versus Steven Stamkos in neutral zone.
0:03 of 3rd period - Off-side.
0:04 of 3rd period - Steven Stamkos wins face-off versus Ryan O'Reilly in neutral zone.
0:04 of 3rd period - Steven Stamkos is hit by Zach Bogosian.
0:16 of 3rd period - Slapshot by Ryan O'Reilly.
0:16 of 3rd period - Shot Misses the Net.
0:36 of 3rd period - Snap shot by Max Pacioretty.
0:36 of 3rd period - Shot Misses the Net.
1:10 of 3rd period - Matt Martin is hit by Duncan Keith and loses puck.
1:15 of 3rd period - Wrist shot by Riley Armstrong.
1:15 of 3rd period - Deflect By D.J King.
1:15 of 3rd period - Shot Misses the Net.
1:15 of 3rd period - Puck is out of play.
1:16 of 3rd period - Steven Stamkos wins face-off versus Ryan O'Reilly in Sabres zone.
1:29 of 3rd period - Wrist shot by Bobby Ryan.
1:29 of 3rd period - Shot Misses the Net.
2:12 of 3rd period - Icing by Darcy Hordichuk.
2:13 of 3rd period - Andrei Loktionov wins face-off versus Dominic Moore in Sabres zone.
2:22 of 3rd period - Dion Phaneuf is hit by Zack Kassian and loses puck.
2:29 of 3rd period - Slapshot by Andrei Loktionov.
2:29 of 3rd period - Stopped by Brian Elliott without a rebound.
2:30 of 3rd period - Steven Stamkos wins face-off versus Ryan O'Reilly in Penguins zone.
4:20 of 3rd period - Eric Gryba is hit by Vincent Lecavalier and loses puck.
4:41 of 3rd period - Slapshot by Steve Downie.
4:41 of 3rd period - Shot Hit the Post.
6:29 of 3rd period - Snap shot by Andrew Cogliano.
6:29 of 3rd period - Shot Blocked by Zack Kassian.
6:31 of 3rd period - Slapshot by Dion Phaneuf.
6:31 of 3rd period - Stopped by Jonas Hiller without a rebound.
6:32 of 3rd period - Kyle Okposo wins face-off versus Steven Stamkos in Sabres zone.
6:43 of 3rd period - Wrist shot by Evander Kane.
6:43 of 3rd period - Shot Misses the Net.
6:45 of 3rd period - Slapshot by Vincent Lecavalier.
6:45 of 3rd period - Stopped by Brian Elliott without a rebound.
6:46 of 3rd period - Sam Gagner wins face-off versus Ryan O'Reilly in Penguins zone.
6:55 of 3rd period - Wrist shot by Sam Gagner.
6:55 of 3rd period - Shot Misses the Net.
7:13 of 3rd period - Eric Gryba is hit by Rob Scuderi and loses puck.
7:55 of 3rd period - Snap shot by Dion Phaneuf.
7:55 of 3rd period - Shot Misses the Net.
8:03 of 3rd period - Snap shot by Brandon Sutter.
8:03 of 3rd period - Shot Misses the Net.
8:17 of 3rd period - D.J King is hit by Scottie Upshall and loses puck.
8:32 of 3rd period - Minor Penalty to Riley Armstrong for High sticking.
8:33 of 3rd period - Ilya Kovalchuk wins face-off versus Steven Stamkos in Penguins zone.
8:42 of 3rd period - Snap shot by Ilya Kovalchuk.
8:42 of 3rd period - Stopped by Brian Elliott without a rebound.
8:43 of 3rd period - Steven Stamkos wins face-off versus Andrei Loktionov in Penguins zone.
8:58 of 3rd period - Slapshot by Zach Bogosian.
8:58 of 3rd period - Deflect By Ilya Kovalchuk.
8:58 of 3rd period - Goal by Ilya Kovalchuk - Penguins : 1 - Sabres : 4.
8:59 of 3rd period - Steven Stamkos wins face-off versus Ryan O'Reilly in neutral zone.
9:05 of 3rd period - Icing by Ryan O'Reilly.
9:06 of 3rd period - Steven Stamkos wins face-off versus Ryan O'Reilly in Sabres zone.
9:10 of 3rd period - Icing by Ryan O'Reilly.
9:11 of 3rd period - Ryan O'Reilly wins face-off versus Steven Stamkos in Sabres zone.
10:00 of 3rd period - Slapshot by Ryan O'Reilly.
10:00 of 3rd period - Shot Blocked by Sean Zimmerman.
10:02 of 3rd period - Slapshot by Jared Cowen.
10:02 of 3rd period - Stopped by Brian Elliott without a rebound.
10:03 of 3rd period - Vincent Lecavalier wins face-off versus Sam Gagner in Penguins zone.
11:31 of 3rd period - Scottie Upshall is hit by Steven Stamkos and loses puck.
11:54 of 3rd period - Wrist shot by Sergei Samsonov.
11:54 of 3rd period - Shot Blocked by Michael Kostka.
11:56 of 3rd period - Wrist shot by Dominic Moore.
11:56 of 3rd period - Stopped by Jonas Hiller with a rebound.
11:58 of 3rd period - Slapshot by Sergei Samsonov.
11:58 of 3rd period - Shot Misses the Net.
12:10 of 3rd period - Icing by Derek Joslin.
12:11 of 3rd period - Riley Armstrong wins face-off versus Brandon Sutter in Penguins zone.
12:18 of 3rd period - Snap shot by Ryan Callahan.
12:18 of 3rd period - Shot Misses the Net.
12:20 of 3rd period - Wrist shot by Riley Armstrong.
12:20 of 3rd period - Goal by Riley Armstrong - Penguins : 2 - Sabres : 4.
12:21 of 3rd period - Scottie Upshall wins face-off versus Steven Stamkos in neutral zone.
12:30 of 3rd period - Wrist shot by Bobby Ryan.
12:30 of 3rd period - Goal by Bobby Ryan - Penguins : 3 - Sabres : 4.
12:31 of 3rd period - Steven Stamkos wins face-off versus Ryan O'Reilly in neutral zone.
12:34 of 3rd period - Scottie Upshall is hit by Andrew Cogliano and loses puck.
12:53 of 3rd period - Minor Penalty to Rob Scuderi for Tripping.
12:54 of 3rd period - Andrew Cogliano wins face-off versus Ilya Kovalchuk in Sabres zone.
13:38 of 3rd period - Snap shot by Andrew Cogliano.
13:38 of 3rd period - Stopped by Jonas Hiller with a rebound.
14:31 of 3rd period - Jakub Kindl is hit by Max Pacioretty and loses puck.
14:38 of 3rd period - Snap shot by Max Pacioretty.
14:38 of 3rd period - Deflect By Sam Gagner.
14:38 of 3rd period - Shot Misses the Net.
14:38 of 3rd period - Puck is out of play.
14:39 of 3rd period - Vincent Lecavalier wins face-off versus Sam Gagner in Sabres zone.
14:50 of 3rd period - Evander Kane is hit by Sam Gagner and loses puck.
14:53 of 3rd period - Penalty to Rob Scuderi is over, Rob Scuderi is back on ice.
15:25 of 3rd period - Snap shot by Riley Armstrong.
15:25 of 3rd period - Shot Blocked by Vincent Lecavalier.
15:27 of 3rd period - Snap shot by Dion Phaneuf.
15:27 of 3rd period - Shot Blocked by Zach Bogosian.
15:29 of 3rd period - Slapshot by Sean Zimmerman.
15:29 of 3rd period - Shot Misses the Net.
15:31 of 3rd period - Slapshot by Sean Zimmerman.
15:31 of 3rd period - Stopped by Jonas Hiller with a rebound.
15:47 of 3rd period - Snap shot by Steve Downie.
15:47 of 3rd period - Shot Misses the Net.
16:01 of 3rd period - Paul Ranger is hit by Matt Martin and loses puck.
16:15 of 3rd period - Minor Penalty to Darcy Hordichuk for Hooking.
16:16 of 3rd period - Ilya Kovalchuk wins face-off versus Steven Stamkos in Sabres zone.
16:48 of 3rd period - Jared Cowen is hit by Duncan Keith and loses puck.
18:15 of 3rd period - Penalty to Darcy Hordichuk is over, Darcy Hordichuk is back on ice.
18:26 of 3rd period - Wrist shot by Ilya Kovalchuk.
18:26 of 3rd period - Stopped by Brian Elliott without a rebound.
18:27 of 3rd period - Andrei Loktionov wins face-off versus Sam Gagner in Penguins zone.
18:30 of 3rd period - Snap shot by Zack Kassian.
18:30 of 3rd period - Stopped by Brian Elliott without a rebound.
18:31 of 3rd period - Sam Gagner wins face-off versus Andrei Loktionov in Penguins zone.
18:46 of 3rd period - Derek Joslin is hit by Matt Martin and loses puck.
19:05 of 3rd period - Penguins, Brian Elliott is pulled from the net.
19:15 of 3rd period - Wrist shot by Steven Stamkos.
19:15 of 3rd period - Stopped by Jonas Hiller without a rebound.
19:16 of 3rd period - Bryan Murray call a timeout for Penguins.
19:16 of 3rd period - Vincent Lecavalier wins face-off versus Steven Stamkos in Sabres zone.
19:27 of 3rd period - Wrist shot by Bobby Ryan.
19:27 of 3rd period - Shot Misses the Net.
19:33 of 3rd period - Wrist shot by Steven Stamkos.
19:33 of 3rd period - Stopped by Jonas Hiller with a rebound.
Goals for this period are 2 for Penguins vs 1 for Sabres.
Shots for this period are 8 for Penguins vs 7 for Sabres.
Back to the Top